AoeStats
← FruliDains

MegaRandom

509709490Analyzed
2v2 RM · 5d ago on Sep 27, 2026· 85m 29s· 4 players
Game mode
Random Map
Map size
Medium (4 player)
Population
200
Speed
Normal
Resources
Standard
Victory
Conquest
Starting age
Dark Age
Ending age
Imperial Age
RankedLock teamsTeams togetherTeam positionsShared explorationLock speedFull tech treeHidden civsTurbo modeCheats
Victory
Defeat
🇰🇿 Inca · Kazakhstan
457
+15
🇷🇺 Franks · Russia
424
+16
🇺🇸 Huns · United States
441
-16
🇺🇸 Byzantines · United States
432
-15
FruliDains
12:40 Feudal Age
28:21 Castle Age
28:01 Loom
30:01 Caravan
33:04 Medium Warships
32:58 Pikeman
38:45 Greek Fire
42:52 Imperial Age
42:46 Wheelbarrow
46:39 Halberdier
56:10 Double-Bit Axe
59:05 Hand Cart
60:02 Conscription
62:16 Bow Saw
69:36 Logistica
75:29 Elite Cataphract
81:48 Chemistry
81:08 Ballistics
Marsha7392
3:07 Loom
12:45 Feudal Age
13:12 Horse Collar
15:09 Wheelbarrow
14:56 Fishing Lines
17:55 Double-Bit Axe
23:14 Man-at-Arms
28:28 Castle Age
30:24 Thumb Ring
29:39 Crossbowman
29:40 Elite Skirmisher
30:49 Bloodlines
30:00 Light Cavalry
30:44 Husbandry
32:52 Bow Saw
32:36 Gold Mining
32:37 Stone Mining
37:40 Imperial Age
35:46 Marauders
36:56 Squires
37:42 Gillnets
41:14 Conscription
43:24 Elite Tarkan
47:44 Hand Cart
54:36 Parthian Tactics
53:31 Heavy Cavalry Archer
58:10 Medium Warships
57:21 Demolition Ship
60:11 Heavy Demolition Ship
66:23 Scale Barding Armor
66:19 Scale Mail Armor
66:29 Forging
66:10 Fletching
66:21 Padded Archer Armor
66:25 Caravan
67:28 Chemistry
66:24 Murder Holes
66:40 Masonry
66:41 Clinker Construction
67:45 Two-Man Saw
67:22 Gold Shaft Mining
66:50 Heavy Plow
66:44 Town Watch
67:46 Chain Barding Armor
79:43 Plate Barding Armor
79:44 Iron Casting
79:04 Bodkin Arrow
79:25 Leather Archer Armor
79:25 Chain Mail Armor
79:35 Ballistics
84:00 Atheism
Chaso-Parametrik
0:38 Loom
11:44 Feudal Age
12:59 Wheelbarrow
12:17 Double-Bit Axe
26:18 Castle Age
26:40 Stone Mining
26:45 Gold Mining
26:22 Crossbowman
26:23 Man-at-Arms
27:04 Squires
26:24 Pikeman
26:50 Gambesons
30:04 Bow Saw
31:37 Gold Shaft Mining
31:50 Hand Cart
33:01 Medium Warships
32:12 Demolition Ship
32:52 Town Watch
39:06 Imperial Age
38:44 Ballistics
40:52 Chemistry
39:21 Heavy Demolition Ship
41:26 Scale Barding Armor
41:21 Scale Mail Armor
41:32 Forging
41:12 Fletching
41:23 Padded Archer Armor
40:48 Cavalier
41:28 Husbandry
40:48 Light Cavalry
43:17 Onager
50:31 Chivalry
49:51 Ordonnance Companies
50:52 Conscription
51:46 Halberdier
51:47 Long Swordsman
52:12 Arson
57:00 Two-Handed Swordsman
57:07 Heavy Mounted Crossbowman
57:07 Cranequins
57:08 Elite Skirmisher
59:18 Champion
70:57 Heavy Warships
73:02 Chain Barding Armor
73:17 Iron Casting
72:38 Bodkin Arrow
72:58 Leather Archer Armor
72:58 Chain Mail Armor
77:24 Paladin
78:00 Arrowslits
78:05 Guard Tower
78:26 Fortified Wall
78:26 Masonry
78:12 Murder Holes
77:57 Treadmill Crane
79:34 Caravan
80:05 Coinage
Civarly
6:16 Loom
10:00 Feudal Age
11:18 Wheelbarrow
10:32 Double-Bit Axe
10:55 Horse Collar
13:24 Fishing Lines
15:14 Gold Mining
20:46 Castle Age
21:42 Hand Cart
21:28 Heavy Plow
22:38 Bow Saw
24:53 Stone Mining
25:39 Gold Shaft Mining
26:33 Medium Warships
29:02 Demolition Ship
29:51 Fletching
30:01 Padded Archer Armor
32:00 Gillnets
35:34 Imperial Age
36:06 Bodkin Arrow
36:26 Leather Archer Armor
37:10 Heavy Warships
78:18 Elite Kamayuk
Connection lost

Rejoining the realm…

Still unreachable

The connection could not be restored.

Session expired

The server has moved on; the page needs a fresh start.